cohdb
Replays
Latest Replays
All Replays
Popular Replays
Top Player Replays
Match Explorer
How It Works
Community
CoH3 Stats
Reddit
Sign in to upload your games and track your stats! →
Sign in with Steam
Match 25046242
Unlisted
Match 25046242
Overview
Messages
Build Orders
End
Selects Italian Coastal Battlegroup
Selects Coastal Reserves
Coastal Reserve
Construct Infanterie Kompanie
Coastal Reserve
GrW 34 Mortar Team
MG 42 Bunker
MG 42 Bunker
Coastal Reserve
Coastal Reserve
Selects Artillery Officer
Coastal Reserve
Selects Coastal Wall
MG 42 Bunker
MG 42 Bunker
Selects Support Bunkers
MG 42 Bunker
MG 42 Bunker
MG 42 Bunker
Selects Rapid Fortifications
MG 42 Bunker
Rapid Fortifications
MG 42 Bunker
MG 42 Bunker
MG 42 Bunker
Eon
Wolfenstein
UBERdumpster
Baigaman
TidaL
Extrawood
Jovialtexas
糖糖桑
0
0
Comments
sign in to comment!
No comments posted yet!